 Dungeon Crawl Stone Soup version 0.30-a0-591-g3c58d2bc28 (webtiles) character file.

Game seed: 11495918343589254487

107 NinjaNoafa the Trooper (level 4, -10/40 HPs)
             Began as a Ghoul Monk on Jan 4, 2023.
             Killed from afar by Natasha (20 damage)
             ... with a bolt of light
             ... on level 2 of the Dungeon.
             The game lasted 00:04:00 (1793 turns).

NinjaNoafa the Trooper (Ghoul Monk)                 Turns: 1793, Time: 00:04:01

Health: -10/40     AC:  4    Str: 16    XL:     4   Next: 85%
Magic:  3/3        EV: 12    Int:  5    God:
Gold:   85         SH:  0    Dex: 11    Spells: 3/3 levels left

rFire   . . .      SeeInvis .    a - +0 mace
rCold   + . .      Faith    .    (no shield)
rNeg    + + +      Spirit   .    f - +0 leather armour
rPois   ∞          Reflect  .    (no helmet)
rElec   .          Harm     .    (no cloak)
rCorr   .          Rampage  .    (no gloves)
Will    .....                    q - +0 pair of boots
Stlth   ++                       (no amulet)
HPRegen 0.00/turn                (no ring)
MPRegen 0.08/turn                (no ring)

@: inhibited regen
A: claws 1, cold resistance 1, negative energy resistance 3, inhibited
regeneration, torment resistance 2, devour on kill
a: no special abilities


You were on level 2 of the Dungeon.
You visited 1 branch of the dungeon, and saw 3 of its levels.

You collected 85 gold pieces.

Inventory:

Hand Weapons
 a - a +0 mace (weapon)
Missiles
 e - 3 poisoned darts (quivered)
Armour
 f - a +0 leather armour (worn)
 q - a +0 pair of boots (worn)
Wands
 l - a wand of digging (2)
Scrolls
 b - a scroll of enchant armour {unknown}
 j - 2 scrolls of identify {unknown}
 m - a scroll of fog {unknown}
 n - a scroll of noise {unknown}
 o - a scroll of enchant weapon {unknown}
 r - a scroll of poison {unknown}
Potions
 d - a potion of degeneration {unknown}
 g - 2 potions of curing {unknown}
 h - a potion of heal wounds {unknown}
 i - a potion of lignification {unknown}
 k - a potion of magic {unknown}
 p - a potion of invisibility {unknown}


   Skills:
 + Level 4.3 Fighting
 - Level 2.6 Maces & Flails
 - Level 2.0 Armour
 + Level 3.2 Dodging
 + Level 3.1 Stealth


You had 3 spell levels left.
You didn't know any spells.
Your spell library was empty.

Dungeon Overview and Level Annotations

Branches:
Dungeon (3/15)

Altars:

Annotations:
D:2 Natasha


Innate Abilities, Weirdness & Mutations

You are immune to poison.
You have sharp fingernails.
Your flesh is cold resistant. (rC+)
You are immune to negative energy. (rN+++)
You do not regenerate when monsters are visible.
You are immune to unholy pain and torment.
You thrive by killing the living.


Message History

You are confused.
You feel invigorated.
The crimson imp blinks!
Natasha barely misses you. The white imp closely misses you. Natasha claws you.
The white imp hits you but does no damage.
Natasha misses you. The white imp gestures at you. The puff of frost hits you.
You resist.
You bump into the rock wall.
Natasha completely misses you.
You bump into the rock wall.
Natasha wildly gestures.
Natasha's front paws start to glow.
Natasha casts a spell.
The white imp hits you. The white imp freezes you. You resist.
You closely miss the iron imp. Natasha claws you.
The white imp closely misses you. The iron imp hits you!
Natasha claws you but does no damage.
You bump into the rock wall.
The white imp hits you but does no damage.
Natasha zaps a wand.
The bolt of light misses you.
You closely miss Natasha.
Natasha is moderately wounded.
You feel less invigorated.
You feel less confused.
The white imp hits you but does no damage.
The iron imp misses you. Natasha barely misses you.
The white imp hits you but does no damage.
You hit Natasha.
Natasha is heavily wounded.
The iron imp hits you. Natasha claws you. The white imp gestures at you.
The puff of frost hits you. You resist.
You hit Natasha.
Natasha is severely wounded.
The white imp disappears in a puff of smoke!
The iron imp hits you!
* * * LOW HITPOINT WARNING * * *
Natasha zaps a wand.
The bolt of light hits you!!
Ouch! That really hurt!
You die...

(## #.##......# #...####.## ..#
#.##.#....# #........## .##
#.......#.#####...####### .#
####.#.##........## .#
#.#.###.#####.# .# #....##.# #.#
.# ###..##.# ##+## ## .###
##..##.# ##...## #. ...####
##..§@5.###.....## #. ......#
#.#..h####.......## #.
...##.#######...####........<###.
...................'.........'...
..###.#######...####.........###.
.####.# ##.## ##.......## #.
......# #.# ##.....## ## #######
#.# ##...## # ... ##+##


You could see an iron imp (summoned) and Natasha.

Vanquished Creatures
  Natasha (twice) (D:2)
  An adder (D:2)
  2 ball pythons (D:1)
  6 bats
  4 endoplasms
  2 giant cockroaches
  4 goblins (D:1)
  3 hobgoblins
  8 jackals
  2 quokkas (D:1)
  2 frilled lizards
  6 kobolds
  A rat (D:3)
43 creatures vanquished.

Vanquished Creatures (others)
  6 plants (D:1)
6 creatures vanquished.

Grand Total: 49 creatures vanquished

Notes
Turn   | Place    | Note
-------+----------+-------------------------------------------
     0 | D:1      | NinjaNoafa the Ghoul Monk began the quest for the Orb.
     0 | D:1      | Reached XP level 1. HP: 19/19 MP: 0/0
    86 | D:1      | Reached XP level 2. HP: 19/26 MP: 1/1
   526 | D:1      | Reached skill level 1 in Armour
   537 | D:1      | Reached XP level 3. HP: 27/31 MP: 2/2
   888 | D:2      | Noticed Natasha
   896 | D:2      | Killed Natasha
   897 | D:2      | Reached skill level 4 in Fighting
   897 | D:2      | Reached XP level 4. HP: 24/40 MP: 3/3
   979 | D:2      | You fall into a shaft and drop 1 floor!
  1227 | D:2      | Noticed Natasha
  1233 | D:2      | Killed Natasha
  1770 | D:2      | Noticed Natasha
  1793 | D:2      | Killed from afar by Natasha

Illustrated notes

Levels and vault maps discovered:
D:1:      amcnicky_arrival_gap_in_the_tavern_cellar, layout_basic,
          serial_forest, infiniplex_forest_end_2, infiniplex_forest_clump_small,
          infiniplex_forest_lined_3, infiniplex_forest_end_2,
          infiniplex_forest_clump_long, infiniplex_forest_straight_3
D:2:      layout_loops_corners, uniq_natasha
D:3:      layout_basic, uniq_robin

Skill      XL: |  1  2  3  4 |
---------------+-------------+-----
Armour         | 1 2 |  2.0
Fighting       | 4 |  4.3
Dodging        | 3 |  3.2
Stealth        | 3 |  3.1
Maces & Flails | |  2.6

Action                   |  1- 3 |  4- 6 || total
-------------------------+-------+-------++-------
Melee: Mace              |   102 |    59 ||   161
  Use: Potion            |       |     1 ||     1
 Stab: Sleeping          |     3 |     1 ||     4
       Distracted        |       |     1 ||     1
Armor: Robe              |    13 |       ||    13
       Leather armour    |    26 |    23 ||    49
Dodge: Dodged            |    92 |    55 ||   147

Table legend: (Time is in decaauts)
 A = Elapsed time spent in this place.
 B = Non-inter-level travel time spent in this place.
 C = Inter-level travel time spent in this place.
 D = Time resting spent in this place.
 E = Time spent auto-exploring this place.
 F = Levels seen in this place.
 G = Mean time per level.
                   A        B        C        D        E       F      G
               +--------+--------+--------+--------+--------+-----+--------+
         Total |   1835 |   1794 |     41 |      0 |   1349 |   3 |  611.7 |
       Dungeon |   1835 |   1794 |     41 |      0 |   1349 |   3 |  611.7 |
               +--------+--------+--------+--------+--------+-----+--------+

Top non-repeatable levels by time:
     D:2: 930 daAuts
     D:1: 858 daAuts
     D:3: 47 daAuts
